 Dungeon Crawl Stone Soup version 0.28-a0-48-gfd831c5874 (webtiles) character file.

Game seed: 232724226678797248

4 flotson the Sneak (level 1, -5/18 HPs)
             Began as a Demonspawn Delver on July 29, 2021.
             Slain by a lemure (7 damage)
             ... led by Pikel
             ... on level 4 of the Dungeon.
             The game lasted 00:00:52 (249 turns).

flotson the Sneak (Demonspawn Delver)                Turns: 249, Time: 00:00:53

Health: -5/18      AC:  3    Str: 12    XL:     1   Next: 50%
Magic:  1/1        EV: 11    Int: 11    God:
Gold:   27         SH:  0    Dex: 14    Spells: 0/0 levels left

rFire   . . .      SeeInvis .   a - +0 hand axe
rCold   . . .      Faith    .   (no shield)
rNeg    . . .      Spirit   .   b - +0 leather armour
rPois   .          Reflect  .   (no helmet)
rElec   .          Harm     .   (no cloak)
rCorr   .          Rampage  .   (no gloves)
Will    .....                   (no boots)
Stlth   ++........              (no amulet)
HPRegen 0.06/turn               (no ring)
MPRegen 0.07/turn               (no ring)

@: no status effects
A: no striking features
a: no special abilities


You were on level 4 of the Dungeon.
You visited 1 branch of the dungeon, and saw 4 of its levels.

You collected 27 gold pieces.

Inventory:

Hand Weapons
 a - a +0 hand axe (weapon)
Armour
 b - a +0 leather armour (worn)
Wands
 g - a wand of digging (3)
Scrolls
 c - a scroll of fog
 d - a scroll of magic mapping
 e - a scroll of fear
 h - a scroll of teleportation {unknown}


   Skills:
 + Level 3.0 Fighting
 + Level 1.9 Axes
 + Level 0.2 Armour
 + Level 1.9 Dodging
 - Level 4.5 Stealth


You couldn't memorise any spells.
You didn't know any spells.
Your spell library was empty.

Dungeon Overview and Level Annotations

Branches:
Dungeon (6/15)
 Temple: D:4-7

Altars:


Message History

Your extra speed is starting to run out.
You feel yourself slow down.
HP restored.
Found a stone staircase leading up.
Found 9 poisoned darts.
A kobold comes into view. It is wielding a +0 short sword.
Found a stone staircase leading down. 2 kobolds come into view.
A kobold brigand comes into view.
It is wielding a +0 club and quivering poisoned darts.
The kobold brigand shouts!
The kobold shouts!
You hear a shout! x2
An adder comes into view.
The kobold throws a stone.
The stone barely misses you.
There is a stone staircase leading up here.
The adder hisses angrily.
You climb upwards.
There is a stone staircase leading down here.
The lemure shouts!
You hear a distant slurping noise.
Okay, then.
The lemure barely misses you. The lemure hits you!
The lemure barely misses you.
You can't see any enemies this would affect, really read the scroll of fear?
Okay, then.
Unknown command.
There is a stone staircase leading up here.
The lemure shouts!
The lemure barely misses you. The lemure closely misses you.
There is a stone staircase leading up here.
The lemure hits you. The lemure barely misses you.
You climb upwards.
There is a stone staircase leading down here.
The lemure hits you but does no damage. The lemure hits you.
* * * LOW HITPOINT WARNING * * *
The lemure hits you but does no damage. The lemure hits you.
* * * LOW HITPOINT WARNING * * *
The lemure hits you!
You die...

#.# #.# #.# #.#
#####.## #..@.(.# .
#.55...# ### .#
#>.....### #.. ..##
#####....####.##...
#.##...##.#..#
#.####..#...
#.#####.#.##
#.##....(..##
#.##.####...##..


You could see 2 lemures.

Vanquished Creatures
  2 orcs (D:6)
2 creatures vanquished.

Notes
Turn   | Place    | Note
-------+----------+-------------------------------------------
     0 | D:5      | flotson the Demonspawn Delver began the quest for the Orb.
     0 | D:5      | Reached XP level 1. HP: 18/18 MP: 1/1
    22 | D:5      | Noticed a lemure
    22 | D:5      | Noticed a lemure
    22 | D:5      | Noticed a lemure
    22 | D:5      | Noticed a lemure
    83 | D:3      | You fall into a shaft and drop 3 floors!
    89 | D:6      | Noticed a necrophage
   105 | D:6      | Noticed an orc priest
   224 | D:6      | Noticed a kobold brigand
   249 | D:4      | Slain by a lemure

Illustrated notes

Levels and vault maps discovered:
D:3:      cheibrodos_old_hovel, layout_loops_ring
D:4:      layout_rooms, chequers_temple_overflow_minitemple, minivault_14
D:5:      layout_basic, tgw_sif, uniq_pikel
D:6:      layout_rooms, serial_shops, shop, uniq_maggie

Action                   || total
-------------------------++-------
Melee: Hand axe          ||     8
  Use: Potion            ||     1
Armor: Leather armour    ||     3
Dodge: Dodged            ||     9

Table legend: (Time is in decaauts)
 A = Elapsed time spent in this place.
 B = Non-inter-level travel time spent in this place.
 C = Inter-level travel time spent in this place.
 D = Time resting spent in this place.
 E = Time spent auto-exploring this place.
 F = Levels seen in this place.
 G = Mean time per level.
                   A        B        C        D        E       F      G
               +--------+--------+--------+--------+--------+-----+--------+
         Total |    236 |    236 |      0 |      0 |    145 |   4 |   59.0 |
       Dungeon |    236 |    236 |      0 |      0 |    145 |   4 |   59.0 |
               +--------+--------+--------+--------+--------+-----+--------+

Top non-repeatable levels by time:
     D:6: 132 daAuts
     D:5: 65 daAuts
     D:4: 32 daAuts
     D:3: 5 daAuts
